 Dungeon Sprint DCSS version 0.30.1-11-g7821555f0a (webtiles) character file.

Game seed: 11864305644260989893

340 Groucho the Digger (level 6, -4/28 HPs)
             Began as a Spriggan Earth Elementalist on Jan 5, 2024.
             Was an Elder of Sif Muna.
             Slain by a fire elemental (9 damage)
             ... summoned by a deep elf pyromancer
             ... in the Dungeon (Sprint VII: "The Pits").
             The game lasted 00:05:58 (1740 turns).

Groucho the Digger (Spriggan Earth Elementalist)    Turns: 1740, Time: 00:05:58

Health: -4/28      AC:  3    Str:  4    XL:     6   Next: 30%
Magic:  14/17      EV: 17    Int: 19    God:    Sif Muna [****..]
Gold:   0          SH:  0    Dex: 15    Spells: 11/19 levels left

rFire   . . .        h - +2 dagger
rCold   . . .        (no shield)
rNeg    . . .        a - +0 robe
rPois   .            (helmet restricted)
rElec   .            l - +0 cloak
rCorr   .            (gloves unavailable)
SInv    +            (boots unavailable)
Will    +....        (no amulet)
Stlth   +++          (no ring)
HPRegen 0.24/turn    (no ring)
MPRegen 0.15/turn

%: no teleportation
@: very quick
A: very small, no large weapons, unfitting armour, see invisible, speed 3
a: Renounce Religion, Channel Magic, Forget Spell, Divine Exegesis


You were in the Dungeon.
You worshipped Sif Muna.
Sif Muna was greatly pleased with you.
You visited 1 branch

Inventory:

Hand Weapons
 h - a +2 dagger (weapon)
Armour
 a - a +0 robe (worn)
 l - a +0 cloak (worn)
Scrolls
 j - 5 scrolls of amnesia
 k - a scroll of summoning
Potions
 b - 4 potions of magic
 c - 6 potions of curing
 d - 5 potions of heal wounds
 e - a potion of haste
 f - 3 potions of berserk rage
 i - 2 potions of invisibility


   Skills:
 + Level 0.0 Fighting
 + Level 0.0 Short Blades
 - Level 3.0 Dodging
 + Level 5.0 Stealth
 + Level 7.0 Spellcasting
 * Level 5.6 Conjurations
 - Level 1.3 Transmutations
 * Level 7.4 Earth Magic
 + Level 5.2 Invocations


You had 11 spell levels left.
You knew the following spells:

 Your Spells              Type           Power      Damage    Failure   Level
a - Sandblast             Erth           70%        2d15      1%          1
b - Stone Arrow           Conj/Erth      62%        3d10      1%          3
c - Petrify               Tmut/Erth      23%        N/A       16%         4

Your spell library contained the following spells:

 Spells                   Type           Power      Damage    Failure   Level
 Passwall                 Tmut/Erth      19%        N/A       2%          2


Dungeon Overview and Level Annotations

Branches:
Dungeon (1/1)

Altars:
Ashenzari
Cheibriados
Dithmenos
Elyvilon
Fedhas
Gozag
Hepliaklqana
Kikubaaqudgha
Makhleb
Nemelex Xobeh
Okawaru
Qazlal
Ru
Sif Muna
Trog
Uskayaw
Vehumet
Wu Jian
Xom
Yredelemnul
Zin
The Shining One
Jiyva
Lugonu


Innate Abilities, Weirdness & Mutations

You are very small and have problems with some larger weapons.
You are too small for most types of armour.
You have supernaturally acute eyesight. (SInv)
You cover ground extremely quickly. (Speed+++)


Message History

Okay, then.
Casting: Petrify (extremely dangerous; 16% risk of failure)
Confirm with . or Enter, or press ? or * to list all spells.
The spell is extremely dangerous to miscast (16% risk of failure)!
Continue anyway?
Aiming: Petrify (extremely dangerous; 16% risk of failure)
Press: ? - help, Shift-Dir - straight line, f/p - deep elf pyromancer
Aim: a deep elf pyromancer, wielding a +0 long sword (wandering, hasn't noticed you, chance to affect: 37%)
The deep elf pyromancer shouts!
The deep elf pyromancer is moving more slowly.
Unknown command.
The deep elf pyromancer casts a spell.
Blink to where?
Press: ? - help, Dir - move target, p - deep elf pyromancer
As you read the scroll of blinking, it crumbles to dust.
The deep elf pyromancer gestures at you while chanting.
The bolt of fire misses you.
You see here a +0 short sword.
The deep elf pyromancer gestures wildly while chanting.
You hit the deep elf pyromancer.
The deep elf pyromancer is lightly wounded.
The fire elemental hits you. The fire elemental burns you!
The fire elemental hits you. The fire elemental burns you!
* * * LOW HITPOINT WARNING * * *
Unknown command.
Unknown command.
You feel much better.
The deep elf pyromancer stops moving altogether!
The fire elemental barely misses you. x2; The fire elemental misses you.
The helpless deep elf pyromancer fails to defend itself.
You puncture the deep elf pyromancer!
The deep elf pyromancer is moderately wounded.
The fire elemental hits you. The fire elemental burns you!
The fire elemental hits you. The fire elemental burns you!
* * * LOW HITPOINT WARNING * * *
The helpless deep elf pyromancer fails to defend itself.
You impale the deep elf pyromancer!!
The deep elf pyromancer is heavily wounded.
The fire elemental closely misses you. The fire elemental misses you.
The fire elemental hits you. The fire elemental burns you!
You die...

#)#..)..#))#####'###
#.###'###))##.......
#.#.....#))##.......
#.#.....#..##.......
#.####'##'###...<...
#.#........##.......
#○#........##.......
#'###########.......
#.e@....# ########
#.EE#...# #...#...#
#.##.##.#+#
#...#..○#e+
#...#...#E#
#.......).#
###########


You could see a deep elf pyromancer (petrified) and 2 fire elementals.

Vanquished Creatures
  A fire bat (D)
  An ogre (D)
  A hound (D)
  Crazy Yiuf (D)
  An orc priest (D)
  A gnoll (D)
  A river rat (D)
  3 orcs (D)
  A bat skeleton (D)
  A goblin (D)
  A hobgoblin (D)
  5 jackals (D)
  A frilled lizard (D)
  A jackal zombie (D)
  A quokka zombie (D)
21 creatures vanquished.

Notes
Turn   | Place    | Note
-------+----------+-------------------------------------------
     0 | D        | Groucho the Spriggan Earth Elementalist began the quest for
                  | the Orb.
     0 | D        | Reached XP level 1. HP: 9/9 MP: 5/5
    35 | D        | Found a glowing golden altar of the Shining One.
    35 | D        | Found a glowing silver altar of Zin.
    35 | D        | Found a basalt altar of Yredelemnul.
    35 | D        | Found a shimmering altar of Xom.
    35 | D        | Found an ornate altar of the Wu Jian Council.
    35 | D        | Found a bloodstained altar of Trog.
    35 | D        | Found a shimmering blue altar of Sif Muna.
    35 | D        | Found a sacrificial altar of Ru.
    35 | D        | Found a stormy altar of Qazlal.
    35 | D        | Found an iron altar of Okawaru.
    35 | D        | Found a sparkling altar of Nemelex Xobeh.
    35 | D        | Found a burning altar of Makhleb.
    35 | D        | Found a viscous altar of Jiyva.
    35 | D        | Found a hazy altar of Hepliaklqana.
    35 | D        | Found an opulent altar of Gozag.
    35 | D        | Found a blossoming altar of Fedhas.
    35 | D        | Found a white marble altar of Elyvilon.
    35 | D        | Found a shadowy altar of Dithmenos.
    35 | D        | Found a snail-covered altar of Cheibriados.
    36 | D        | Found a radiant altar of Vehumet.
    36 | D        | Found a corrupted altar of Lugonu.
    37 | D        | Found an ancient bone altar of Kikubaaqudgha.
    37 | D        | Found a hide-covered altar of Uskayaw.
    37 | D        | Found a broken altar of Ashenzari.
    38 | D        | Became a worshipper of Sif Muna the Loreminder
    49 | D        | Reached skill level 1 in Conjurations
    49 | D        | Reached skill level 1 in Invocations
    49 | D        | Reached XP level 2. HP: 13/13 MP: 4/7
   191 | D        | Reached * piety under Sif Muna
   522 | D        | Reached ** piety under Sif Muna
   571 | D        | Reached *** piety under Sif Muna
   572 | D        | Reached XP level 3. HP: 14/16 MP: 7/9
   576 | D        | Learned a level 3 spell: Stone Arrow
   633 | D        | Reached skill level 5 in Stealth
   649 | D        | Reached skill level 5 in Earth Magic
   649 | D        | Reached XP level 4. HP: 21/21 MP: 4/11
   662 | D        | Reached **** piety under Sif Muna
   663 | D        | Reached skill level 5 in Spellcasting
   876 | D        | Noticed a fire bat
   876 | D        | Noticed Crazy Yiuf
   890 | D        | Killed Crazy Yiuf
   891 | D        | Killed a fire bat
   892 | D        | Reached skill level 5 in Conjurations
   892 | D        | Reached XP level 5. HP: 24/24 MP: 9/15
  1207 | D        | Noticed an ogre
  1211 | D        | Killed an ogre
  1212 | D        | Reached skill level 5 in Invocations
  1212 | D        | Reached XP level 6. HP: 28/28 MP: 10/17
  1458 | D        | Noticed a deep elf pyromancer
  1460 | D        | Noticed a fire elemental
  1460 | D        | Noticed a fire elemental
  1724 | D        | Learned a level 4 spell: Petrify
  1733 | D        | Noticed a fire elemental
  1737 | D        | Noticed a fire elemental
  1740 | D        | Slain by a fire elemental

Illustrated notes

Levels and vault maps discovered:
D:        pitsprint [storerooms_1, entrance_room_1, metal_vault_5, armoury_2,
          mini_pit_1, grid_room_1, main_hall_1, silver_pit, the_coven_2,
          the_vestibule_1, steel_vault_2, golden_pit, hallway_of_sentries,
          crystal_vault_6, iron_vault_1, final_vault]

Skill      XL: |  1  2  3  4  5 |
---------------+----------------+-----
Dodging        | 3 |  3.0
Stealth        | 4 5 |  5.0
Spellcasting   | 3 4 6 7 |  7.0
Conjurations   | 1 2 3 5 |  5.6
Earth Magic    | 3 4 5 6 7 |  7.4
Invocations    | 1 3 4 5 |  5.2
Transmutations | |  1.3

Action                     |  1- 3 |  4- 6 || total
---------------------------+-------+-------++-------
  Melee: Dagger            |       |     4 ||     4
   Cast: Sandblast         |    23 |     9 ||    32
         Stone Arrow       |     1 |     3 ||     4
         Petrify           |       |     1 ||     1
    Use: Potion            |     1 |     1 ||     2
         Scroll            |       |     1 ||     1
   Stab: Petrified         |       |     2 ||     2
 Armour: Robe              |     2 |     3 ||     5
  Dodge: Dodged            |     7 |     7 ||    14
